 Dungeon Crawl Stone Soup version 0.27-a0-522-g46bbb28828 (webtiles) character file.

Game seed: 11476685786896922121

6750 Cancer the Frost Mage (level 10, 0/78 HPs)
             Began as a Demigod Ice Elementalist on Mar 4, 2021.
             Slain by a flying skull (9 damage)
             ... in a volcano on Mar 5, 2021.
             The game lasted 00:48:41 (8552 turns).

Cancer the Frost Mage (Demigod Ice Elementalist)    Turns: 8552, Time: 00:48:42

Health: 0/78       AC: 11    Str:  9    XL:     10   Next: 47%
Magic:  25/25      EV: 14    Int: 29    God:
Gold:   502        SH:  5    Dex: 14    Spells: 13/24 levels left

rFire    + . .     SeeInvis .   c - +2 short sword (holy)
rCold    . . .     Faith    .   i - +0 buckler
rNeg     + . .     Spirit   .   D - +2 robe {rN+}
rPois    .         Reflect  .   q - +0 helmet
rElec    .         Harm     .   (no cloak)
rCorr    .         Rampage  .   m - +0 pair of gloves
Will     +....                  K - +0 pair of boots
Stlth    +++.......             (no amulet)
HPRegen  0.23/turn              r - +4 ring of protection
MPRegen  0.19/turn              U - ring of protection from fire

@: no status effects
A: high mp 1, forlorn
a: no special abilities


You were in a volcano.
You visited 2 branches of the dungeon, and saw 9 of its levels.
You also visited: Volcano.

You collected 502 gold pieces.

Inventory:

Hand Weapons
 c - a +2 short sword of holy wrath (weapon)
 h - a +4 hunting sling
 A - a +0 flail of draining
 E - a +0 whip of distortion
 L - a +4 hand axe
 M - a +1 hand axe of freezing
 Q - a +0 trident
Missiles
 d - 183 stones
 S - 20 sling bullets
Armour
 i - a +0 buckler (worn)
 m - a +0 pair of gloves (worn)
 q - a +0 helmet (worn)
 D - a +2 robe of positive energy (worn)
 K - a +0 pair of boots (worn)
Jewellery
 a - a +4 ring of evasion
 r - a +4 ring of protection (left hand)
 s - a ring of positive energy
 v - a ring of positive energy
 x - a +4 ring of evasion
 y - a ring of positive energy
 U - a ring of protection from fire (right hand)
 V - a +6 ring of dexterity
Wands
 I - a wand of random effects (21)
 J - a wand of charming (4)
 N - a wand of paralysis (10)
 P - a wand of mindburst (9)
 T - a wand of iceblast (17)
Scrolls
 g - a scroll of amnesia {unknown}
 j - 3 scrolls of teleportation {unknown}
 n - 10 scrolls of identify {unknown}
 o - 2 scrolls of immolation {unknown}
 t - 3 scrolls of blinking {unknown}
 u - 3 scrolls of fear {unknown}
 w - a scroll of noise {unknown}
 G - a scroll of enchant armour {unknown}
 R - a scroll of magic mapping {unknown}
Potions
 b - 4 potions of heal wounds {unknown}
 e - 4 potions of curing {unknown}
 f - a potion of might {unknown}
 k - 3 potions of degeneration {unknown}
 l - 2 potions of attraction {unknown}
 p - 2 potions of ambrosia {unknown}
 z - 4 potions of flight {unknown}
 B - a potion of haste {unknown}
 C - a potion of magic {unknown}
 F - 2 potions of brilliance {unknown}
 H - a potion of lignification {unknown}
 O - a potion of invisibility {unknown}


   Skills:
 - Level 4.0 Fighting
 - Level 2.0 Short Blades
 - Level 4.0 Slings
 - Level 4.0 Dodging
 - Level 4.0 Stealth
 - Level 4.0 Shields
 + Level 7.5 Spellcasting
 - Level 4.0 Conjurations
 + Level 8.9 Ice Magic


You had 13 spell levels left.
You knew the following spells:

 Your Spells              Type           Power        Failure   Level
a - Freeze                Ice            100%         1%          1
b - Frozen Ramparts       Ice            100%         1%          3
c - Ozocubu's Armour      Ice            58%          1%          3
d - Hailstorm             Conj/Ice       48%          3%          4

Your spell library contained the following spells:

 Spells                   Type           Power        Failure   Level
 Magic Dart               Conj           100%         1%          1
 Searing Ray              Conj           68%          1%          2
 Foxfire                  Conj/Fire      88%          2%          1
 Conjure Flame            Conj/Fire      22%          6%          3
 Dazzling Flash           Conj/Hex       44%          6%          3
 Summon Ice Beast         Ice/Summ       36%          8%          4
 Inner Flame              Hex/Fire       10%          14%         3
 Fulminant Prism          Conj/Hex       11%          22%         4
 Iskenderun's Mystic Bla  Conj/Tloc      22%          22%         4
 Sticky Flame             Conj/Fire      22%          22%         4
 Fireball                 Conj/Fire      11%          52%         5


Dungeon Overview and Level Annotations

Branches:
Dungeon (8/15)             Temple (0/1) D:4            Lair (1/6) D:8
Volcano (1/1)

Shops:
D:4 *   D:7 (

Annotations:
D:2 wall
D:4 wall(angel,)
D:6 5 runed translucent doors, ice beast
D:8 Gastronok


Innate Abilities, Weirdness & Mutations

Your attributes grow dramatically as you level up.
You have an increased reservoir of magic. (+10% MP)
You shall have no god before yourself.


Message History

The flying skull barely misses you.
You miss the flying skull.
The flying skull is heavily damaged.
The flying skull hits you but does no damage.
The flying skull completely misses you.
The flying skull hits you but does no damage.
You barely miss the flying skull.
The flying skull is heavily damaged.
The flying skull hits you but does no damage.
You block the flying skull's attack.
The flying skull hits you but does no damage.
You hit the flying skull but do no damage.
The flying skull is heavily damaged.
The air gets thick with the scent of sulphur.
The flying skull misses you. The flying skull closely misses you.
The flying skull hits you.
Your icy armour will break if you move.
Continue?
Your icy armour cracks and falls away as you move.
You block the flying skull's attack. The flying skull barely misses you.
You block the flying skull's attack. The flying skull misses you.
There is a rocky tunnel leading out of this place here.
In the distance, the volcano erupts with a roar.
The flying skull closely misses you.
The flying skull is engulfed in blazing flames.
You block the flying skull's attack. The flying skull hits you.
* * * LOW HITPOINT WARNING * * *
The flying skull hits you.
* * * LOW HITPOINT WARNING * * *
The flying skull closely misses you. x3
The flying skull closely misses you. The flying skull hits you.
* * * LOW HITPOINT WARNING * * *
The flying skull hits you.
* * * LOW HITPOINT WARNING * * *
The flying skull hits you but does no damage.
The flying skull closely misses you. The flying skull hits you.
* * * LOW HITPOINT WARNING * * *
The flying skull hits you but does no damage.
The flying skull hits you but does no damage.
The flying skull hits you!
You die...

##§§§≈≈§§≈≈≈°○
##≈≈§≈§≈≈≈≈§≈○☼8☼○
#≈§§≈§§≈≈≈≈≈≈°☼≈°°
#≈≈.≈§§§≈§§≈≈○§§○°
#.....§§§§≈≈≈°§≈○○
##.....≈≈§≈≈§○§≈°☼
##.........§○○≈°○
##zzz.....§○≈§°°
##@..∩.∩...§§≈°
##............
###.......§..
###........
##....... ##.....
#####


You could see 3 flying skulls.

Vanquished Creatures
  A black mamba (Lair:1)
  A cane toad (Lair:1)
  Prince Ribbit (D:8)
  14 yaks (Lair:1)
  Sigmund (D:2)
  3 fire bats (Lair:1)
  2 water moccasins
  A sky beast (D:8)
  An eye of draining (D:8)
  An orc warrior (D:8)
  A black bear (Lair:1)
  5 ogres (D:8)
  2 centaurs
  2 phantoms
  Blork the orc (D:4)
  5 bullfrogs
  A gnoll sergeant (D:8)
  A scorpion (Lair:1)
  A water moccasin skeleton (D:5)
  3 wights (D:7)
  The ghost of hehateme the Poker, a weakling DsGl (D:3)
  2 centaur skeletons (D:5)
  4 jellies
  A centaur zombie (D:5)
  3 hounds
  4 orc priests
  Terence (D:2)
  3 iguanas
  10 worker ants
  6 orc wizards
  A killer bee zombie (D:6)
  A hound zombie (D:6)
  A hound skeleton (D:5)
  Robin (D:2)
  4 gnolls (D:8)
  10 adders
  A river rat (D:3)
  3 shadow imps (D:6)
  4 white imps
  2 ufetubi
  An ooze (D:3)
  4 adder skeletons
  2 worms
  2 leopard geckos
  42 orcs
  3 giant cockroaches
  11 goblins
  5 hobgoblins
  7 jackals
  3 kobolds
  3 quokkas
  5 bats
  3 frilled lizards
  A jackal zombie (D:6)
  A leopard gecko skeleton (D:5)
  7 rats
211 creatures vanquished.

Vanquished Creatures (others)
  A fungus (Lair:1)
  A plant (Lair:1)
2 creatures vanquished.

Grand Total: 213 creatures vanquished

Notes
Turn   | Place    | Note
-------+----------+-------------------------------------------
     0 | D:1      | Cancer the Demigod Ice Elementalist began the quest for the
                  | Orb.
     0 | D:1      | Reached XP level 1. HP: 14/14 MP: 5/5
   411 | D:2      | Reached XP level 2. HP: 22/22 MP: 7/7
   565 | D:2      | Noticed Robin
   831 | D:2      | Killed Robin
   832 | D:2      | Reached XP level 3. HP: 26/27 MP: 0/8
   836 | D:2      | Learned a level 3 spell: Frozen Ramparts
  1077 | D:2      | Noticed Terence
  1083 | D:2      | Killed Terence
  1084 | D:2      | Reached skill level 1 in Fighting
  1084 | D:2      | Reached skill level 1 in Slings
  1101 | D:2      | Noticed Sigmund
  1394 | D:2      | Killed Sigmund
  1395 | D:2      | Reached skill level 4 in Ice Magic
  1395 | D:2      | Reached XP level 4. HP: 29/36 MP: 3/10
  1395 | D:2      | Reached XP level 5. HP: 33/41 MP: 3/11
  1772 | D:3      | Found a runed translucent door.
  1797 | D:3      | Noticed hehateme's ghost (weakling DsGl)
  1814 | D:3      | Learned a level 3 spell: Ozocubu's Armour
  1857 | D:3      | Found a runed translucent door.
  2194 | D:3      | Reached XP level 6. HP: 48/48 MP: 9/13
  2494 | D:3      | Killed hehateme's ghost
  2820 | D:4      | Noticed an Executioner
  2820 | D:4      | Noticed an angel
  3057 | D:4      | Found a staircase to the Ecumenical Temple.
  3080 | D:4      | Noticed Blork the orc
  3087 | D:4      | Learned a level 4 spell: Hailstorm
  3096 | D:4      | Killed Blork the orc
  3099 | D:4      | Reached XP level 7. HP: 41/56 MP: 8/14
  3224 | D:4      | Found Gaulebb's General Store.
  3465 | D:5      | Entered Level 5 of the Dungeon
  3562 | D:5      | Reached skill level 1 in Conjurations
  3963 | D:5      | Reached skill level 1 in Shields
  4644 | D:6      | Found the +9 staff of Olgreb {rPois∞}
  4658 | D:6      | Found a runed translucent door.
  4681 | D:6      | Found a runed translucent door.
  4681 | D:6      | Found a runed translucent gate.
  4682 | D:6      | Found a runed translucent gate.
  4796 | D:6      | Found a runed translucent gate.
  4822 | D:6      | Reached skill level 5 in Ice Magic
  4898 | D:6      | Reached XP level 8. HP: 55/63 MP: 16/16
  5981 | D:7      | Found Huexitae's Weapon Shop.
  7012 | D:8      | Reached skill level 1 in Short Blades
  7251 | D:8      | Reached XP level 9. HP: 66/71 MP: 11/19
  7272 | D:8      | Reached skill level 6 in Ice Magic
  7390 | D:8      | Noticed Gastronok
  7687 | D:8      | Found a staircase to the Lair.
  7824 | D:8      | Noticed Prince Ribbit
  7840 | D:8      | Killed Prince Ribbit
  7841 | D:8      | Reached skill level 5 in Spellcasting
  8031 | Lair:1   | Entered Level 1 of the Lair of Beasts
  8031 | Lair:1   | Noticed a black mamba
  8043 | Lair:1   | Noticed a cane toad
  8046 | Lair:1   | Killed a black mamba
  8047 | Lair:1   | Reached skill level 7 in Ice Magic
  8051 | Lair:1   | Killed a cane toad
  8052 | Lair:1   | Reached XP level 10. HP: 39/78 MP: 4/23
  8129 | Lair:1   | Reached skill level 8 in Ice Magic
  8462 | Lair:1   | Found a dark tunnel.
  8480 | Volcano  | Entered a volcano
  8552 | Volcano  | Slain by a flying skull

Illustrated notes

Levels and vault maps discovered:
D:1:      dpeg_arrival_tiny_a, layout_rooms
D:2:      layout_loops_ring, lightli_corner_chamber, uniq_sigmund, uniq_robin,
          uniq_terence
D:3:      layout_rooms, minmay_overflow_temple_star_quad, ebering_ghost_sewer_f
D:4:      layout_basic, grunt_temple_overflow_order_and_chaos_2,
          nicolae_overflow_crystal_walls,
          chequers_temple_overflow_statue_of_worship, temple_pool_b,
          serial_shops, shop, minmay_statues_item, hangedman_decor_growths,
          uniq_blork_the_orc
D:5:      layout_cave_pools, tgw_sif
D:6:      layout_rooms, minmay_guarded_unrand_staff_of_olgreb
D:7:      layout_basic, serial_shops, shop, okawaru_metal_pillars_1_2
D:8:      layout_basic, bloody_trog, lair_entry_dummy, cheibriados_altar_1,
          uniq_gastronok, uniq_prince_ribbit1
Lair:1:   layout_layer_cave, nicolae_volcano_entry_batcave, serial_bayou_pond_d
Volcano:  volcano_tomb [vts_original]

Skill      XL: |  1  2  3  4  5  6  7  8  9 10 |
---------------+-------------------------------+-----
Stealth        | 2 3 4 |  4.0
Dodging        | 2 3 4 |  4.0
Spellcasting   | 2 3 4 6 7 |  7.5
Fighting       | 1 2 3 4 |  4.0
Slings         | 1 2 3 4 |  4.0
Ice Magic      | 4 5 7 8 |  8.9
Conjurations   | 1 3 4 |  4.0
Shields        | 1 2 4 |  4.0
Short Blades   | 1 2 |  2.0

Action                   |  1- 3 |  4- 6 |  7- 9 | 10-12 || total
-------------------------+-------+-------+-------+-------++-------
Melee: Unarmed           |     2 |       |       |       ||     2
       Short sword       |       |    12 |   398 |    49 ||   459
 Fire: Hunting sling     |    71 |    49 |     5 |       ||   125
 Cast: Freeze            |    17 |    17 |    23 |     3 ||    60
       Frozen Ramparts   |     3 |    15 |    34 |     6 ||    58
       Ozocubu's Armour  |       |     3 |    12 |     3 ||    18
       Hailstorm         |       |       |     9 |       ||     9
 Stab: Sleeping          |       |       |     9 |       ||     9
Armor: Robe              |     7 |    16 |    94 |    27 ||   144
Dodge: Dodged            |    23 |    37 |   347 |    55 ||   462
Block: Buckler           |       |       |     2 |    17 ||    19

Table legend: (Time is in decaauts)
 A = Elapsed time spent in this place.
 B = Non-inter-level travel time spent in this place.
 C = Inter-level travel time spent in this place.
 D = Time resting spent in this place.
 E = Time spent auto-exploring this place.
 F = Levels seen in this place.
 G = Mean time per level.
                   A        B        C        D        E       F      G
               +--------+--------+--------+--------+--------+-----+--------+
         Total |   8609 |   8414 |    195 |   1107 |   4174 |  10 |  860.9 |
       Dungeon |   8122 |   7927 |    195 |   1002 |   4174 |   8 | 1015.2 |
          Lair |    417 |    417 |      0 |     71 |      0 |   1 |  417.0 |
       Volcano |     69 |     69 |      0 |     34 |      0 |   1 |   69.0 |
               +--------+--------+--------+--------+--------+-----+--------+

Top non-repeatable levels by time:
     D:8: 1317 daAuts
     D:7: 1209 daAuts
     D:5: 1188 daAuts
     D:2: 1046 daAuts
     D:3: 929 daAuts
     D:4: 916 daAuts
     D:6: 915 daAuts
     D:1: 597 daAuts
  Lair:1: 417 daAuts
 Volcano: 69 daAuts
